Map: Dusk Towers

Players

XY - Winner!

  • Race: Terran Terran
  • League: Platinum

Elazer

  • Race: Zerg Zerg

Event: DreamHack Open Tours WCS Spring Championship

VOD

https://www.youtube.com/watch?v=zOfO34IYulI

Description

Time

  • Played on: May 14, 2016, 1:50 p.m.
  • Length: 14:45

All games in this series

Show
View Real Time Build Order
Export as new Build Order

XY Terran - Winner!

Build Orders: Liberator Opening, Reaper Expand, Bio Tank 

Get SALT Encoding   

  12  0:01  SCV  
  13  0:13  SCV  
  14  0:17  Supply Depot  
  14  0:25  SCV  
  15  0:39  SCV  
  15  0:40  Barracks  
  16  0:43  Refinery  
  16  0:51  SCV  
  17  1:03  SCV  
  18  1:15  SCV  
  19  1:27  Orbital Command, Reaper  
  20  1:39  Command Center  
  20  1:47  Supply Depot  
  20  1:53  SCV  
  21  1:59  Barracks Reactor  
  21  2:05  SCV  
  22  2:17  SCV  
  22  2:22  Command Center  
  23  2:32  SCV  
  24  2:38  Factory  
  24  2:44  SCV  
  25  2:47  Marine x2  
  27  2:54  Orbital Command  
  27  2:56  SCV  
  28  3:05  Marine x2  
  30  3:08  SCV  
  31  3:15  Refinery  
  31  3:20  SCV x2  
  31  3:22  Starport  
  33  3:32  SCV x2  
  33  3:33  Hellion x2  
  39  3:35  Barracks Tech Lab  
  39  3:36  Orbital Command  
  39  3:44  SCV  
  39  3:45  SCV, Liberator  
  43  3:56  Hellion x2, SCV  
  43  3:57  SCV  
  43  4:02  Marine  
  51  4:04  SCV  
  51  4:08  SCV  
  51  4:09  SCV  
  54  4:10  Stimpack  
  54  4:15  Supply Depot  
  54  4:16  SCV  
  55  4:20  SCV  
  55  4:21  SCV  
  55  4:22  Marine  
  58  4:28  SCV  
  58  4:31  Barracks  
  59  4:32  Barracks  
  59  4:33  SCV  
  59  4:38  Factory Reactor  
  60  4:40  Marine  
  60  4:42  SCV  
  60  4:45  Refinery x2, Engineering Bay x2  
  62  4:47  SCV x2  
  62  4:50  Starport Reactor  
  64  4:57  SCV  
  64  4:58  Marine  
  66  5:01  SCV  
  66  5:02  SCV  
  66  5:05  Barracks x2  
  68  5:09  SCV  
  68  5:11  Terran Infantry Weapons Level 1, Terran Infantry Armor Level 1  
  69  5:20  Supply Depot  
  69  5:22  Supply Depot  
  69  5:24  Orbital Command  
  69  5:33  Factory Tech Lab  
  69  5:36  Supply Depot  
  69  5:42  Medivac x2, Marine x3, SCV  
  77  5:44  SCV  
  77  5:46  Marine x2  
  77  5:49  SCV  
  81  5:53  Barracks Reactor  
  81  5:54  SCV, Barracks Reactor  
  81  5:56  SCV  
  83  5:57  Supply Depot, Siege Tank  
  83  6:00  Supply Depot x2  
  83  6:01  SCV  
  83  6:02  Marine x3  
  90  6:04  Marine  
  90  6:07  SCV  
  90  6:08  SCV  
  90  6:09  Armory  
  93  6:18  SCV  
  93  6:20  Marine x2  
  93  6:21  Combat Shields, Marine  
  93  6:22  Supply Depot  
  97  6:27  SCV  
  97  6:28  Refinery, SCV  
  97  6:32  Refinery  
  99  6:33  SCV  
  99  6:35  Supply Depot, Siege Tank  
  99  6:36  Marauder, Marine x5  
  99  6:38  Marine  
  111  6:44  SCV  
  111  6:45  SCV  
  111  6:46  Marine x2  
  115  6:51  SCV  
  115  6:54  Marine  
  115  6:56  SCV  
  114  7:05  SCV  
  114  7:06  Terran Infantry Weapons Level 2, Terran Infantry Armor Level 2  
  114  7:07  Siege Tank  
  118  7:11  Command Center  
  111  7:20  Marauder, Marine x7  
  114  7:26  SCV x2  
  114  7:27  Medivac, Barracks  
  114  7:28  Medivac, Barracks  
  114  7:29  Barracks  
  120  7:32  Marine  
  120  7:36  Supply Depot  
  121  7:39  Siege Tank  
  121  7:41  Marauder, Marine x5  
  131  7:48  Marine x2  
  133  7:56  Factory, Supply Depot  
  133  7:57  Supply Depot, Marine  
  134  7:58  Supply Depot  
  134  8:02  Medivac  
  134  8:03  Supply Depot x2, Marauder  
  138  8:07  Marine x3  
  141  8:14  Supply Depot, Barracks Tech Lab  
  141  8:15  Barracks Tech Lab  
  141  8:16  Barracks Tech Lab  
  141  8:17  Marine x3, Siege Tank  
  147  8:21  Supply Depot  
  147  8:22  Supply Depot  
  147  8:23  Marine x2  
  147  8:24  Marauder  
  147  8:25  Marine  
  152  8:29  Medivac  
  152  8:32  Medivac  
  149  8:38  Marine x3  
  151  8:48  Refinery, Marine x4  
  155  8:49  Planetary Fortress, Siege Tank  
  155  8:51  Refinery  
  156  8:59  Medivac  
  156  9:01  Factory Tech Lab  
  148  9:03  Medivac  
  148  9:05  Marauder  
  148  9:06  Marauder x3  
  157  9:22  Siege Tank  
  162  9:25  Command Center  
  162  9:26  Factory  
  162  9:27  Marauder  
  162  9:31  Terran Infantry Weapons Level 3  
  161  9:33  Terran Infantry Armor Level 3  
  161  9:39  Marine x2, Terran Vehicle Weapons Level 1  
  161  9:40  Marine  
  164  9:49  Siege Tank  
  166  10:04  Marauder, Marine  
  166  10:05  Siege Tank  
  166  10:06  Marauder x2, Marine x5  
  179  10:11  Factory Tech Lab  
  179  10:17  Missile Turret  
  179  10:18  Marine x2  
  179  10:19  Missile Turret  
  179  10:21  Siege Tank  
  186  10:22  Marine  
  186  10:23  Marine, Missile Turret  
  186  10:27  SCV  
  179  10:31  Marine  
  179  10:32  Marauder x2, Marine  
  179  10:33  SCV  
  179  10:34  SCV  
  167  10:37  Siege Tank  
  167  10:41  Siege Tank  
  167  10:46  Marauder  
  169  10:53  Siege Tank  
  142  10:58  Marauder x2  
  142  11:02  Marauder, Marine x2  
  136  11:09  Siege Tank  
  124  11:13  Siege Tank  
  125  11:19  Marauder  
  125  11:25  Siege Tank  
  130  11:27  Marauder, Marine x2  
  130  11:29  Marine  
  130  11:31  Marine x3  
  138  11:35  Terran Vehicle Weapons Level 2  
  138  11:37  Marauder, Marine  
  138  11:39  Marauder  
  141  11:41  Marauder, Siege Tank  
  141  11:42  Marine  
  147  11:47  Siege Tank  
  150  11:54  Marauder, Marine x2  
  150  11:57  Siege Tank  
  150  11:58  Marauder  
  151  12:02  Missile Turret  
  151  12:04  Marauder x2  
  151  12:05  Missile Turret  
  155  12:12  Marine x2  
  155  12:14  Siege Tank  
  162  12:15  Marauder, Marine  
  162  12:19  Siege Tank  
  162  12:22  Marauder, Marine x2  
  170  12:28  Medivac x2  
  170  12:29  Siege Tank  
  177  12:36  Marauder  
  179  12:41  Marine  
  178  12:46  Siege Tank  
  180  12:51  Siege Tank  
  180  12:56  Marauder, Marine  
  178  13:01  Siege Tank  
  174  13:13  Marauder x2, Marine  
  174  13:14  Marine x5  
  174  13:16  Marine  
  174  13:18  Siege Tank  
  175  13:23  Marine, Siege Tank  
  175  13:24  Marine  
  178  13:33  Siege Tank  
  181  13:38  Marauder x2  
  181  13:40  Marauder, Marine x2  
  165  13:42  Marine  
  165  13:43  Marauder  
  165  13:44  Marine x2  
  144  13:50  Siege Tank  
  144  13:54  Marine  
  148  13:55  Siege Tank  
  148  14:00  Marauder  
  150  14:05  Siege Tank  
Show
View Real Time Build Order
Export as new Build Order

Elazer Zerg 

Build Orders: Hatch First 

Get SALT Encoding   

  12  0:00  Drone  
  13  0:12  Overlord  
  13  0:17  Drone  
  14  0:31  Drone x2  
  14  0:34  Drone  
  17  0:53  Hatchery  
  17  0:55  Drone  
  17  0:58  Drone  
  18  1:09  Extractor  
  17  1:15  Spawning Pool  
  17  1:17  Drone  
  17  1:20  Drone  
  18  1:28  Drone  
  19  1:39  Overlord  
  19  2:01  Queen  
  19  2:02  Zergling x4  
  19  2:04  Queen  
  19  2:05  Drone  
  26  2:12  Drone  
  27  2:16  Drone  
  27  2:21  Drone  
  29  2:29  Spore Crawler  
  28  2:32  Drone x2  
  30  2:40  Queen  
  30  2:43  Spore Crawler  
  31  2:46  Drone x2  
  31  2:49  Metabolic Boost  
  34  2:55  Hatchery  
  33  3:02  Overlord  
  33  3:03  Drone  
  34  3:10  Drone  
  35  3:13  Overlord  
  35  3:20  Queen, Drone  
  35  3:22  Drone x2  
  35  3:23  Drone  
  35  3:26  Drone x2  
  43  3:32  Drone x3  
  46  3:39  Zergling x2, Extractor  
  46  3:46  Overlord  
  46  3:47  Drone  
  47  3:48  Drone x2  
  47  3:49  Drone  
  50  4:01  Overlord  
  50  4:03  Queen  
  50  4:05  Zergling x2, Drone  
  50  4:06  Zergling x4  
  56  4:10  Spore Crawler  
  56  4:12  Lair  
  56  4:13  Drone  
  56  4:21  Queen  
  56  4:22  Drone x4  
  62  4:36  Drone x3  
  65  4:39  Drone  
  65  4:40  Evolution Chamber  
  65  4:41  Evolution Chamber  
  65  4:42  Overlord  
  64  4:48  Drone x3  
  64  4:52  Drone x4  
  72  5:00  Drone x3  
  72  5:06  Zerg Melee Weapons Level 1  
  73  5:07  Zerg Ground Armor Level 1  
  73  5:09  Hatchery  
  73  5:11  Extractor x2  
  73  5:13  Roach Warren  
  69  5:19  Drone x3  
  71  5:24  Drone x3  
  74  5:30  Overlord  
  74  5:31  Extractor  
  74  5:33  Zergling x2  
  74  5:42  Overlord  
  72  5:45  Overlord  
  72  5:48  Overlord x2  
  72  5:49  Drone x2  
  75  5:50  Drone x2  
  75  5:51  Drone  
  75  5:52  Drone x2  
  75  5:56  Glial Reconstitution  
  79  5:57  Drone  
  79  6:00  Roach  
  79  6:01  Roach x2  
  79  6:02  Drone  
  87  6:04  Roach  
  87  6:05  Infestation Pit  
  87  6:09  Extractor, Drone  
  88  6:14  Overlord  
  88  6:17  Drone x3  
  93  6:18  Roach  
  93  6:29  Roach x4  
  93  6:30  Ravager  
  93  6:31  Overlord  
  102  6:33  Overlord  
  102  6:35  Roach  
  102  6:36  Roach  
  106  6:44  Infestor x2  
  109  6:52  Ravager  
  109  6:53  Ravager  
  111  6:56  Roach x5  
  111  6:58  Zergling x14  
  124  7:10  Zergling x6  
  124  7:11  Overlord  
  125  7:16  Hive  
  125  7:24  Zerg Melee Weapons Level 2  
  125  7:26  Overlord x2  
  125  7:33  Drone  
  125  7:34  Zerg Ground Armor Level 2  
  125  7:35  Zergling x8  
  130  7:38  Hatchery  
  130  7:42  Overlord, Queen  
  127  7:49  Overlord  
  128  7:51  Drone x2  
  128  7:52  Spore Crawler, Drone  
  128  7:54  Spore Crawler  
  128  7:56  Roach x5  
  138  8:01  Infestor, Overlord  
  138  8:03  Roach x2  
  138  8:05  Zergling x10  
  149  8:06  Ravager  
  149  8:07  Ravager x2  
  152  8:33  Ultralisk Cavern  
  149  8:34  Zergling x12  
  149  8:35  Zergling x10  
  149  8:39  Pneumatized Carapace  
  159  8:48  Overlord  
  159  8:49  Zergling x10  
  164  8:59  Zergling x2  
  164  9:00  Zergling x10  
  167  9:05  Ravager  
  167  9:06  Ravager x5  
  167  9:07  Overlord x2  
  167  9:09  Zergling x6  
  176  9:21  Chitinous Plating, Ultralisk  
  178  9:32  Ultralisk  
  178  9:35  Extractor  
  178  9:36  Extractor  
  178  9:38  Drone x5  
  185  9:40  Drone  
  185  9:45  Hatchery  
  187  9:49  Ultralisk  
  187  10:01  Ultralisk  
  190  10:10  Ultralisk  
  196  10:25  Ultralisk  
  179  10:35  Ultralisk  
  179  10:38  Ultralisk  
  179  10:39  Zergling x28  
  174  10:59  Zergling x12  
  174  11:02  Ultralisk x2  
  175  11:09  Zergling x2, Ultralisk  
  175  11:10  Zergling x22  
  181  11:18  Drone x3  
  183  11:26  Zerg Melee Weapons Level 3  
  183  11:28  Drone x3  
  183  11:30  Zerg Ground Armor Level 3  
  186  11:43  Ultralisk  
  189  11:49  Spire, Zergling x10  
  165  12:13  Zergling x2  
  165  12:14  Zergling x14  
  171  12:21  Zergling x18  
  178  12:29  Ultralisk  
  183  12:30  Spore Crawler, Ultralisk  
  183  12:43  Zergling x2  
  183  12:44  Zergling x26  
  192  13:11  Ultralisk  
  186  13:14  Zergling x10  
  185  13:20  Ultralisk x3  
  185  13:24  Zergling x4  
  186  13:40  Zergling x6  
  186  13:41  Zergling x12  
  167  13:45  Zergling x8  
  144  13:53  Ultralisk  
  144  14:02  Ultralisk  
  112  14:25  Zergling x4  

Tags
 
Add a new tag
Caveats
  • Supply blocks, unpowered buildings, or Contaminate may cause inaccurate times.
  • Supply counts are checked every 10 seconds.